 Dungeon Crawl Stone Soup version 0.23.2-1-ga50397a (webtiles) character file.

Game seed: 322258453774728841

25 Reg1 the Caller (level 3, -2/26 HPs)
             Began as a Merfolk Summoner on May 21, 2019.
             Slain by an adder (3 damage)
             ... on level 2 of the Dungeon.
             The game lasted 00:10:21 (1398 turns).

Reg1 the Caller (Merfolk Summoner)                  Turns: 1398, Time: 00:10:22

Health: -2/26      AC:  2    Str:  8    XL:     3   Next: 6%
Magic:  5/6        EV: 13    Int: 15    God:
Gold:   78         SH:  3    Dex: 14    Spells: 5/6 levels left

rFire    . . .     SeeInvis .   o - +0 spear
rCold    . . .     Gourm    .   (no shield)
rNeg     . . .     Faith    .   a - +0 robe
rPois    .         Spirit   .   (no helmet)
rElec    .         Reflect  +   (no cloak)
rCorr    .         Harm     .   (no gloves)
MR       .....                  (no boots)
Stlth    ++........             i - +3 amulet of reflection
HPRegen  0.08/turn              (no ring)
MPRegen  0.10/turn              (no ring)

@: very slightly contaminated
A: change form in water, swift swim, stealthy swim
a: no special abilities


You were on level 2 of the Dungeon.
You were hungry.

You visited 1 branch of the dungeon, and saw 2 of its levels.

You collected 78 gold pieces.

Inventory:

Hand Weapons
 g - a +0 hand axe
 l - a +0 whip
 o - a +0 spear (weapon)
Armour
 a - a +0 robe (worn)
Jewellery
 b - an uncursed amulet of the gourmand
 i - a +3 amulet of reflection (around neck)
 j - an uncursed ring of positive energy {unknown}
Scrolls
 e - a scroll of identify {unknown}
 h - a scroll of blinking {unknown}
 k - a scroll of teleportation {unknown}
Potions
 d - a potion of berserk rage {unknown}
 f - 2 potions of heal wounds {unknown}
 m - a potion of lignification {unknown}
Comestibles
 c - 5 rations
 n - 3 chunks of flesh


   Skills:
 + Level 1.0 Fighting
 + Level 3.1 Dodging
 + Level 2.2 Stealth
 + Level 2.3 Spellcasting
 + Level 4.3 Summonings


You had 5 spell levels left.
You knew the following spells:

 Your Spells              Type           Power        Failure   Level  Hunger
a - Summon Small Mammal   Summ           ##..         3%          1    #......

Your spell library contained the following spells:

 Spells                   Type           Power        Failure   Level  Hunger
 Call Imp                 Summ           ##......     5%          2    ###....
 Call Canine Familiar     Summ           ##......     11%         3    ###....
 Summon Guardian Golem    Hex/Summ       #.......     26%         3    ###....
 Summon Ice Beast         Ice/Summ       #.......     65%         4    #####..
 Summon Lightning Spire   Summ/Air       #.......     65%         4    #####..


Dungeon Overview and Level Annotations

Branches:
Dungeon (2/15)

Altars:


Message History

Press: ? - help, Dir - move target cursor, p - adder
Okay, then.
There is an escape hatch in the floor here.
You feel sick.
You are no longer poisoned.
The adder bites you but does no damage. The adder closely misses you.
There is an open door here.
The adder closely misses you.
Casting: Summon Small Mammal (safe; 3% risk of failure)
Confirm with . or Enter, or press ? or * to list all spells.
You miscast Summon Small Mammal.
You are very lightly contaminated with residual magic.
Shadowy shapes form in the air around you, then vanish.
The adder bites you.
* * * LOW HITPOINT WARNING * * *
The adder bites you.
* * * LOW HITPOINT WARNING * * *
The adder bites you.
You die...

#.####.#
###########.# #.
#......# #...........
#. ##..)..#
#........# #.
#.###.....#.#
#........########>
#......<..#.#
#........'........
.#####.....#.#
#........#########
...........#.#
#[.......#
######..####.#
#........#
##'####.###@S(.^...#
#..................#
#....รท.............#
#..................#
#..................#
###+###......#######
#......# #$.....#
#......#


You could see an adder.

Vanquished Creatures
  A worm (D:2)
  4 giant cockroaches (D:1)
  2 goblins
  A ball python (D:1)
  3 bats
  A frilled lizard (D:2)
  3 kobolds (D:1)
  4 rats
19 creatures vanquished.

Vanquished Creatures (collateral kills)
  A leopard gecko (D:1)
  2 bats (D:1)
  A goblin (D:1)
  A hobgoblin (D:1)
  A rat (D:1)
6 creatures vanquished.

Grand Total: 25 creatures vanquished

Notes
Turn   | Place    | Note
-------+----------+-------------------------------------------
     0 | D:1      | Reg1 the Merfolk Summoner began the quest for the Orb.
     0 | D:1      | Reached XP level 1. HP: 13/13 MP: 3/3
   663 | D:1      | Reached XP level 2. HP: 15/20 MP: 5/5
  1102 | D:1      | Reached skill level 1 in Fighting
  1263 | D:2      | Reached XP level 3. HP: 15/26 MP: 6/6
  1394 | D:2      | HP: 1/26 [adder (1)]
  1398 | D:2      | Slain by an adder

Skill      XL: |  1  2 |
---------------+-------+-----
Dodging        | 3 |  3.1
Fighting       | 1 |  1.0
Stealth        | |  2.2
Spellcasting   | |  2.3
Summonings     | |  4.3

Action                   || total
-------------------------++-------
Melee: Unarmed           ||    13
       Hand axe          ||    28
       Whip              ||    35
       Spear             ||     7
 Cast: Summon Small Mamm ||    17
 Stab: Distracted        ||     2
       Sleeping          ||     1
  Eat: Chunk             ||     2
Armor: Robe              ||    23
Dodge: Dodged            ||   100
Block: Other             ||    15
